 Dungeon Crawl Stone Soup version 0.29-a0-866-g0545e20025 (webtiles) character file.

Game seed: 4334732050416430247

1296 Malachi the Shooter (level 8, 0/55 HPs)
             Began as a Djinni Transmuter on July 17, 2022.
             Was a Follower of Cheibriados.
             Slain by a wyvern zombie (12 damage)
             ... on level 6 of the Dungeon.
             The game lasted 00:10:38 (6980 turns).

Malachi the Shooter (Djinni Transmuter)             Turns: 6980, Time: 00:10:39

Health: 0/55       AC:  5    Str: 13    XL:     8   Next: 86%
Gold:   294        EV: 12    Int: 18    God:    Cheibriados [*.....] SH:  0 Dex: 17

rFire   + + +      SeeInvis +   n - +10 sling "Zuolij" {freeze, Fragile rF+ rC++ Str+2 SInv}
rCold   + + +      Faith    .   (no shield)
rNeg    . . .      Spirit   .   u - +0 robe {Archmagi}
rPois   ∞          Reflect  .   t - +2 hat
rElec   .          Harm     .   A - +0 cloak
rCorr   .          Rampage  .   (no gloves)
Will    .....      Archmagi +   (boots unavailable)
Stlth   ++........              (no amulet)
HPRegen 0.18/turn               i - ring of protection from cold
MPRegen 0.00/turn               k - ring of protection from cold

@: flying, studying Fighting, very slow
A: sickness immunity, fire resistance 2, cold vulnerability 1, float, innate
caster, HP casting, extra vitality 1
a: Renounce Religion, Bend Time


You were on level 6 of the Dungeon.
You worshipped Cheibriados.
Cheibriados was aware of your devotion.
You visited 2 branches of the dungeon, and saw 7 of its levels.

You collected 374 gold pieces.
You spent 80 gold pieces at shops.

Inventory:

Hand Weapons
 n - the +10 sling "Zuolij" (weapon) {freeze, Fragile rF+ rC++ Str+2 SInv}
   (You found it on level 2 of the Dungeon)

   Any ammunition fired from it freezes those it strikes, dealing additional
   cold damage.
   It can also slow down cold-blooded creatures.
   Str:       It affects your strength (+2).
   rF:        It protects you from fire.
   rC:        It greatly protects you from cold.
   SInv:      It lets you see invisible.
   Fragile:   It will be destroyed if unequipped.
 v - a +0 dagger
Armour
 t - a +2 hat (worn)
 u - a +0 robe of the Archmagi (worn)
 A - a +0 cloak (worn)
 B - an orb of energy
Jewellery
 i - a ring of protection from cold (left hand)
 k - a ring of protection from cold (right hand)
 y - a ring of willpower
Wands
 a - a wand of iceblast (10)
Scrolls
 d - a scroll of vulnerability
 e - 6 scrolls of teleportation
 f - 4 scrolls of fog {unknown}
 g - 2 scrolls of magic mapping
 h - 2 scrolls of blinking {unknown}
Potions
 b - 5 potions of lignification
 j - 4 potions of curing
 l - a potion of degeneration {unknown}
 m - a potion of invisibility
 o - a potion of cancellation {unknown}
 p - a potion of mutation {unknown}
 q - 2 potions of brilliance {unknown}
 r - 2 potions of flight {unknown}
 s - 2 potions of haste {unknown}
 w - 2 potions of attraction {unknown}
 x - 2 potions of might {unknown}
 z - a potion of magic {unknown}


   Skills:
 + Level 2.5 Fighting
 * Level 7.6 Ranged Weapons
 - Level 2.1 Dodging
 - Level 3.0 Unarmed Combat
 - Level 3.2 Spellcasting


You couldn't memorise any spells.
You knew the following spells:

 Your Spells              Type           Power      Damage    Failure   Level
a - Beastly Appendage     Tmut           44%        N/A       4%          1
b - Wereblood             Tmut           22%        N/A       6%          2
c - Spider Form           Tmut/Pois      22%        N/A       12%         3
d - Ice Form              Ice/Tmut       22%        N/A       38%         4
e - Shock                 Conj/Air       88%        1d8       4%          1
f - Poisonous Vapours     Pois/Air       44%        N/A       6%          2
g - Vampiric Draining     Necr           22%        2d7       12%         3
Your spell library was empty.

Dungeon Overview and Level Annotations

Branches:
Dungeon (6/15)             Temple (1/1) D:5

Altars:
Ashenzari
Cheibriados
Dithmenos
Elyvilon
Fedhas
Gozag
Makhleb
Nemelex Xobeh
Okawaru
Qazlal
Ru
Trog
Uskayaw
Xom
Yredelemnul

Shops:
D:1 :   D:4 !


Innate Abilities, Weirdness & Mutations

You are immune to sickness and miasma.
You are immune to poison.
Your flesh is very heat resistant. (rF++)
You are vulnerable to cold. (rC-)
You float through the air rather than walking.
You learn spells naturally, not from books.
Your magical power is your life essence.
You have superior vitality. (+4 MHP)


Message History

A wyvern zombie comes into view.
You shoot a sling bullet.
The sling bullet hits the wyvern zombie!
The sling bullet freezes the wyvern zombie.
The wyvern zombie is heavily damaged.
You shoot a sling bullet.
The sling bullet hits the wyvern zombie.
The wyvern zombie is heavily damaged.
You hear an angry buzzing noise.
A killer bee comes into view. x2
You hear an angry buzzing noise.
You shoot a sling bullet. The killer bee buzzes angrily.
The sling bullet hits the wyvern zombie.
The wyvern zombie is heavily damaged.
A jelly comes into view.
You shoot a sling bullet. The jelly quivers.
The sling bullet hits the wyvern zombie!
The sling bullet freezes the wyvern zombie.
The wyvern zombie is almost destroyed.
The wyvern zombie bites you!
You shoot a sling bullet.
The sling bullet hits the wyvern zombie.
The wyvern zombie is almost destroyed.
The wyvern zombie barely misses you. The killer bee stings you!
You shoot a sling bullet.
The sling bullet barely misses the wyvern zombie.
The killer bee stings you but does no damage.
The wyvern zombie bites you. The killer bee barely misses you.
The killer bee stings you.
Unknown command.
As you read the scroll of fear, it crumbles to dust.
You assume a fearsome visage.
The wyvern zombie is unaffected.
The jelly looks frightened!
The killer bee looks frightened! x2
A killer bee comes into view.
The wyvern zombie bites you!
* * * LOW HITPOINT WARNING * * *
The wyvern zombie bites you!
You die...

##.##+## .........8.
...#.... ............
...... ........... #....
#........# #...###
........# #....####
#.y.....# #.
#.......####.......#
#.##.............Z....#.
#...............@..y..y.
........................
..#.(..#.............J..
........................
........###........##...
.........##........# ...
.........##........# .
...(.....##........#
..........# .


You could see a jelly (fleeing), 3 killer bees and a wyvern zombie.

Vanquished Creatures
  An orc warrior (D:5)
  An ogre (D:5)
  3 phantoms
  A kobold brigand (D:6)
  2 scorpions
  A bullfrog zombie (D:6)
  3 orc priests
  Crazy Yiuf (D:4)
  2 centaur zombies (D:6)
  2 hounds
  A gnoll bouda (D:5)
  An iguana (D:4)
  Natasha (twice) (D:4)
  3 orc wizards
  9 adders
  5 gnolls (D:5)
  A howler monkey skeleton (D:6)
  6 worms
  3 dart slugs
  10 orcs
  5 bats
  10 endoplasms
  2 giant cockroaches
  7 goblins
  7 hobgoblins
  4 jackals
  10 kobolds
  A quokka (D:1)
  8 ball pythons
  4 frilled lizards
  7 rats
123 creatures vanquished.

Vanquished Creatures (others)
  A fungus (D:4)
1 creature vanquished.

Grand Total: 124 creatures vanquished

Notes
Turn   | Place    | Note
-------+----------+-------------------------------------------
     0 | D:1      | Malachi the Djinni Transmuter began the quest for the Orb.
     0 | D:1      | Malachi set off with the following spells memorised:
                  | Beastly Appendage, Wereblood, Spider Form, Ice Form.
     0 | D:1      | Reached XP level 1. HP: 17/17 MP: 0/0
   103 | D:1      | Reached XP level 2. HP: 11/22 MP: 0/0
  1033 | D:1      | Reached XP level 3. HP: 10/27 MP: 0/0
  1033 | D:1      | Learned a level 1 spell: Shock
  1500 | D:1      | Found Heuwesky's Book Shop.
  2458 | D:2      | Reached XP level 4. HP: 24/32 MP: 0/0
  2687 | D:2      | Identified the +10 sling "Zuolij" {freeze, Fragile rF+ rC++
                  | Str+2 SInv}
  3146 | D:3      | Noticed a phantom
  3150 | D:3      | Killed a phantom
  3151 | D:3      | Reached skill level 2 in Ranged Weapons
  3151 | D:3      | Reached XP level 5. HP: 37/37 MP: 0/0
  3151 | D:3      | Learned a level 2 spell: Poisonous Vapours
  3367 | D:3      | Reached XP level 6. HP: 42/42 MP: 0/0
  3370 | D:3      | Reached skill level 3 in Ranged Weapons
  4012 | D:4      | Found Nocsebro's Distillery.
  4015 | D:4      | Bought a potion of heal wounds for 50 gold pieces
  4015 | D:4      | Bought a potion of curing for 30 gold pieces
  4042 | D:4      | Found a shimmering altar of Xom.
  4100 | D:4      | Found a sacrificial altar of Ru.
  4172 | D:4      | Reached skill level 4 in Ranged Weapons
  4281 | D:4      | Noticed Natasha
  4283 | D:4      | Reached XP level 7. HP: 47/47 MP: 0/0
  4283 | D:4      | Learned a level 3 spell: Vampiric Draining
  4292 | D:4      | Killed Natasha
  4418 | D:4      | Reached skill level 5 in Ranged Weapons
  4595 | D:4      | Noticed Natasha
  4612 | D:4      | Killed Natasha
  4773 | D:4      | Found a runed translucent door.
  4774 | D:4      | Noticed Crazy Yiuf
  4782 | D:4      | Killed Crazy Yiuf
  4786 | D:4      | Identified the +7 hammer "Nunajot" {drain, rF- Will+ Dex+6}
  4916 | D:4      | Identified a scroll of acquirement
  4918 | D:4      | Acquired a manual of Fighting
  4923 | D:5      | Entered Level 5 of the Dungeon
  4988 | D:5      | Found a staircase to the Ecumenical Temple.
  5047 | Temple   | Entered the Ecumenical Temple
  5320 | Temple   | Became a worshipper of Cheibriados the Contemplative
  5362 | D:5      | HP: 2/47 [orc warrior/+0 glaive (12)]
  5690 | D:5      | Reached skill level 6 in Ranged Weapons
  5690 | D:5      | Reached XP level 8. HP: 52/52 MP: 0/0
  6866 | D:6      | Reached skill level 7 in Ranged Weapons
  6899 | D:6      | Reached * piety under Cheibriados
  6980 | D:6      | Slain by a wyvern zombie

Illustrated notes

Levels and vault maps discovered:
D:1:      lemuel_arrival_muddy, layout_basic, serial_shops,
          nicolae_shop_competitors_out_of_business
D:2:      layout_basic, serial_bayou_pond_a
D:3:      layout_loops_ring, minmay_misc_feat_tower, kennysheep_generic_room_3
D:4:      layout_gridville, mainiacjoe_overflow_large_starburst, serial_shops,
          kennysheep_mini_moat, uniq_crazy_yiuf_cottage, uniq_natasha
D:5:      layout_loops_ring, minmay_temple_entry_junction_2, minivault_4,
          eino_small_chamber_without_monster, lemuel_flame_loot_1
D:6:      layout_basic, serial_undead, serial_undead_f, serial_undead_b,
          serial_undead_b, serial_undead_c, serial_undead_d, serial_undead_f
Temple:   nicolae_temple_superstar

Skill      XL: |  1  2  3  4  5  6  7  8 |
---------------+-------------------------+-----
Spellcasting   | 2 3 |  3.2
Ranged Weapons | 2 4 6 7 |  7.6
Fighting       | 2 |  2.5
Dodging        | |  2.1
Unarmed Combat | |  3.0

Action                   |  1- 3 |  4- 6 |  7- 9 || total
-------------------------+-------+-------+-------++-------
Melee: Unarmed           |    90 |    12 |    16 ||   118
       Headbutt          |     9 |     1 |       ||    10
       Punch             |     1 |     1 |       ||     2
 Fire: Sling             |       |    74 |   147 ||   221
 Cast: Beastly Appendage |    24 |     2 |       ||    26
       Spider Form       |     5 |       |     1 ||     6
       Wereblood         |     1 |       |       ||     1
Evoke: Wand              |       |       |     1 ||     1
  Use: Potion            |       |     1 |     1 ||     2
       Scroll            |       |       |     9 ||     9
 Stab: Sleeping          |       |     1 |       ||     1
Armor: Robe              |    15 |     2 |     9 ||    26
       Skin              |     1 |       |       ||     1
Dodge: Dodged            |    65 |    15 |    37 ||   117

Table legend: (Time is in decaauts)
 A = Elapsed time spent in this place.
 B = Non-inter-level travel time spent in this place.
 C = Inter-level travel time spent in this place.
 D = Time resting spent in this place.
 E = Time spent auto-exploring this place.
 F = Levels seen in this place.
 G = Mean time per level.
                   A        B        C        D        E       F      G
               +--------+--------+--------+--------+--------+-----+--------+
         Total |   7246 |   6980 |    266 |   1348 |   4707 |   7 | 1035.1 |
       Dungeon |   6728 |   6477 |    251 |    965 |   4652 |   6 | 1121.3 |
        Temple |    518 |    503 |     15 |    383 |     55 |   1 |  518.0 |
               +--------+--------+--------+--------+--------+-----+--------+

Top non-repeatable levels by time:
     D:1: 2141 daAuts
     D:5: 1561 daAuts
     D:4: 971 daAuts
     D:2: 950 daAuts
     D:3: 880 daAuts
  Temple: 518 daAuts
     D:6: 222 daAuts
